 Dungeon Crawl Stone Soup version 0.18-a0-1637-g109f206 (webtiles) character file.

181539 4thArraOfDagon the Executioner (level 17, -6/165 HPs)
             Began as a Hill Orc Berserker on Mar 26, 2016.
             Was a High Priest of Trog.
             Mangled by an acid blob (26 damage)
             ... on level 3 of the Pits of Slime.
             The game lasted 01:38:26 (14188 turns).

4thArraOfDagon the Executioner (HOBe)              Turns: 14188, Time: 01:38:27

Health: -6/165     AC: 26    Str: 27      XL:     17   Next: 95%
Magic:  18/20      EV:  8    Int: 13      God:    Trog [*****.]
Gold:   185        SH:  0    Dex:  8 (9)  Spells: 0 memorised, 16 levels left

rFire  . . .     SeeInvis .     G - +3 executioner's axe (elec)
rCold  . . .     Gourm    .     V - +9 plate armour of Yssur {Int+3}
rNeg   . . .     Faith    .     (shield currently unavailable)
rPois  .         Spirit   .     l - +1 helmet {Int+3}
rElec  .         Dismiss  .     d - +1 cloak {MR+}
rCorr  +         Reflect  .     N - +2 pair of gloves {archery}
SustAt .         Harm     .     t - +1 pair of boots {run}
MR     +++++                    Y - amulet of regeneration
Stlth  ..........               b - ring of resist corrosion
                                y - ring of protection from magic

@: exhausted, about to teleport, corroded, very slightly contaminated,
regenerating, slowed, very slow, almost entirely resistant to hostile
enchantments, extremely unstealthy
A: rough black scales 1, deterioration 1, high mp 1, mutation resistance 1,
regeneration 1
a: Berserk, Trog's Hand, Brothers in Arms, Burn Spellbooks, Renounce Religion
}: 1/15 runes: abyssal


You were on level 3 of the Pits of Slime.
You worshipped Trog.
Trog was extremely pleased with you.
You were not hungry.

You visited 5 branches of the dungeon, and saw 31 of its levels.
You visited the Abyss 1 time.
You also visited: Labyrinth.

You collected 3296 gold pieces.
You spent 3111 gold pieces at shops.

Inventory:

Hand Weapons
 n - a +3 antimagic battleaxe
 u - a +0 blowgun
 G - a +3 executioner's axe of electrocution (weapon)
 T - a +3 war axe of flaming
Missiles
 k - 2 curare-tipped needles
 r - 2 throwing nets (quivered)
Armour
 d - a +1 cloak of magic resistance (worn)
 l - a +1 helmet of intelligence (worn)
 t - a +1 pair of boots of running (worn)
 N - a +2 pair of gloves of archery (worn)
 V - the +9 plate armour of Yssur (worn) {Int+3}
   (You bought it in a shop on level 2 of the Orcish Mines)

   It affects your intelligence (+3).
Rods
 B - a +2 rod of shadows (9/9)
   (You took it off a deep elf elementalist on level 3 of the Elven Halls)
 L - a +6 rod of clouds (13/13)
   (You took it off a deep elf demonologist on level 3 of the Elven Halls)
Jewellery
 a - the amulet of Xoecri {+Rage rF+ rC- Dex+3}
   (You bought it in a shop on level 11 of the Dungeon)

   [amulet of rage]

   It affects your dexterity (+3).
   It protects you from fire.
   It makes you vulnerable to cold.
   It lets you go berserk.
 b - a ring of resist corrosion (right hand)
 i - an uncursed ring of protection from cold
 y - a ring of protection from magic (left hand)
 z - the ring "Narobref" {+Fly Int+5}
   (You took it off a deep elf mage on level 3 of the Elven Halls)

   [ring of intelligence]

   It affects your intelligence (+5).
   It lets you fly.
 P - the amulet of the Frog {Dismiss rN+ Dex+6}
   (You bought it in a shop on level 11 of the Dungeon)

   [amulet of dismissal]

   It may teleport away creatures that harm you.
   It affects your dexterity (+6).
   It protects you from negative energy.
 Y - an amulet of regeneration (around neck)
Wands
 q - a wand of teleportation (4/9)
 F - a wand of digging (8/24)
Scrolls
 o - 5 scrolls of remove curse
 p - 7 scrolls of fog
 w - a scroll of enchant armour
 x - 4 scrolls of magic mapping
 A - a scroll of recharging
 E - 2 scrolls of fear
 I - 2 scrolls of teleportation
 R - 2 scrolls of immolation
Potions
 e - 2 potions of berserk rage
 f - 3 potions of curing
 g - 2 potions of brilliance
 h - a potion of flight
 v - a potion of agility {unknown}
 H - 3 potions of cure mutation
 J - a potion of might
 M - a potion of haste
 W - a potion of cancellation
 X - a potion of ambrosia
Books
 m - an Akashic Record

   Spells                             Type                      Level
   a - Dispersal                      Translocation                6
   b - Malign Gateway                 Summoning/Translocation      7
   c - Disjunction                    Translocation                8
   d - Controlled Blink               Translocation                8
   Trog disapproves of the use of such an item.
 s - a book of Air

   Spells                             Type                      Level
   a - Shock                          Conjuration/Air              1
   b - Swiftness                      Charms/Air                   2
   c - Repel Missiles                 Charms/Air                   2
   d - Static Discharge               Conjuration/Air              3
   e - Lightning Bolt                 Conjuration/Air              5
   Trog disapproves of the use of such an item.
 Q - a book of Geomancy

   Spells                             Type                      Level
   a - Sandblast                      Earth                        1
   b - Passwall                       Transmutation/Earth          2
   c - Stone Arrow                    Conjuration/Earth            3
   d - Petrify                        Transmutation/Earth          4
   e - Lee's Rapid Deconstruction     Earth                        5
   Trog disapproves of the use of such an item.
 S - a book of Enchantments

   Spells                             Type                      Level
   a - Cause Fear                     Hexes                        4
   b - Yara's Violent Unravelling     Hexes/Transmutation          5
   c - Silence                        Hexes/Air                    5
   d - Deflect Missiles               Charms/Air                   6
   e - Haste                          Charms                       6
   f - Discord                        Hexes                        8
   Trog disapproves of the use of such an item.
Miscellaneous
 D - a plain deck of summoning
 K - a sack of spiders
 U - a box of beasts
Comestibles
 c - 12 bread rations
 j - 10 meat rations


   Skills:
 + Level 18.3 Fighting
 * Level 25.6 Axes
 + Level 16.8 Armour
 - Level 1.5 Dodging
 + Level 2.2 Evocations


You had 16 spell levels left.
You didn't know any spells.

Dungeon Overview and Level Annotations

Branches:
Dungeon (15/15)              Lair (8/8) D:10          Swamp (0/4) Lair:6
  Snake (0/4) Lair:3        Slime (3/6) Lair:6          Orc (2/2) D:11
    Elf (3/3) Orc:2        Vaults (0/5) D:13
 Temple: D:4-7       Depths: D:15

Altars:
Ashenzari
Fedhas
Nemelex Xobeh
Sif Muna
Trog

Shops:
D:9 ?!   D:10 [   D:11 *[%[[   Orc:2 ?}[%   Elf:1 (   Elf:2 *

Portals:
Pandemonium: Orc:2


Innate Abilities, Weirdness & Mutations

You are partially covered in rough black scales (AC +4, Dex -1).
Your body sometimes deteriorates upon taking damage.
You have an increased reservoir of magic (+10% MP).
You are somewhat resistant to further mutation.
Your natural rate of healing is unusually fast.


Message History

* * * LOW HITPOINT WARNING * * *
The acid burns!
You resist.
* * * LOW HITPOINT WARNING * * *
The acid blob hits you!
* * * LOW HITPOINT WARNING * * *
You are splashed with acid!
The acid burns!
You resist.
* * * LOW HITPOINT WARNING * * *
Unknown command.
Unknown command.
Drink which item? (? for menu, Esc to quit)
Okay, then.
Drink which item? (? for menu, Esc to quit)
You feel better. The acid blob spits acid at you. The splash of acid hits you!
The acid burns!
You resist.
* * * LOW HITPOINT WARNING * * *
The acid blob barely misses you.
The acid blob jiggles.
The acid blob hits you!!
You die...

................#
#..........#...##
................#
..............<..#....
......................
......................
......................
>............JJ.......
..............@.#.....
......................
.....................#
.............#......#.
.....................#
....#.................
#.. ..................
.. ..........##......#
. ...........#


You could see 2 acid blobs.

Vanquished Creatures
  3 acid blobs
  5 deep elf sorcerers (Elf:3)
  2 deep elf elementalists (Elf:3)
  8 starcursed masses (Abyss:3)
  2 deep elf annihilators
  6 deep elf demonologists
  7 dire elephants
  2 deep elf death magi (Elf:3)
  A minotaur (Lab)
  3 vault guards (D:13)
  2 deep elf high priests
  Fannar (Lair:2)
  4 hydras
  An anaconda (Lair:8)
  A centaur warrior (D:13)
  A catoblepas (Lair:5)
  9 dancing weapons
  6 death yaks
  3 thrashing horrors (Abyss:3)
  Urug (Lair:2)
  5 orc high priests (Orc:2)
  11 deep elf knights
  A wretched star (Abyss:3)
  2 wizards (D:13)
  4 large abominations (Abyss:3)
  An unseen horror (Abyss:3)
  A gelid demonspawn (Orc:2)
  11 deep elf archers
  2 hill giants (D:11)
  2 putrid demonspawn (Orc:2)
  2 necromancers (D:13)
  2 griffons
  An ugly thing (D:13)
  5 orc knights
  8 orc sorcerers
  A hornet (shapeshifter) (Orc:2)
  56 deep elf magi
  A sixfirhy (Orc:2)
  20 elephants
  3 cyclopes
  8 black mambas
  A guardian serpent (Lair:3)
  2 centaur zombies (D:13)
  A rust devil (Orc:2)
  3 smoke demons
  2 molten gargoyles (Lair:7)
  3 torpor snails
  13 spiny frogs
  An orange demon (Orc:2)
  6 komodo dragons
  3 hellwings (Orc:2)
  3 trolls
  A polar bear (Lair:6)
  4 two-headed ogres
  15 blink frogs
  10 slime creatures (Slime:2)
  A raiju (Abyss:3)
  2 shadows
  6 wyverns
  2 spriggans
  An air elemental (Elf:3)
  2 wraiths (D:13)
  A ynoxinul (Orc:2)
  3 water elementals
  39 yaks
  5 basilisks
  4 fire elementals (Elf:3)
  18 humans (D:13)
  13 hippogriffs
  A steam dragon (D:8)
  2 hungry ghosts
  A neqoxec (Abyss:3)
  2 vampire mosquitoes (D:13)
  8 swamp worms (Lair:4)
  A soldier ant (D:13)
  11 water moccasins
  26 orc warriors
  11 porcupines
  2 ice beasts
  A swamp drake (D:11)
  2 wasps
  2 sky beasts
  A phantom (D:12)
  3 black bears
  4 eyes of draining
  14 wolves
  9 ogres
  8 centaurs
  2 small abominations (Abyss:3)
  12 crocodiles
  A big kobold (D:13)
  13 giant frogs
  A wyvern zombie (D:13)
  2 scorpions
  A killer bee (D:9)
  8 wights (D:11)
  An electric eel (Lair:5)
  3 howler monkeys
  A spectral giant frog (D:13)
  4 crimson imps
  5 lava snakes (Lair:7)
  3 giant frog zombies
  13 orc wizards
  A quasit (D:12)
  16 orc priests
  2 hounds
  7 jellies
  3 centaur skeletons
  6 iguanas
  Natasha (D:3)
  6 worker ants
  5 sheep (Lair:7)
  2 hound zombies (D:9)
  A hound skeleton (D:8)
  6 gnolls
  2 adders
  62 river rats
  3 shadow imps
  An ufetubus (Abyss:3)
  An adder zombie (D:8)
  11 worms (Lair:4)
  63 orcs
  2 giant cockroaches
  9 jackals
  4 kobolds
  A quokka (D:8)
  A ball python (D:5)
  A giant gecko zombie (D:8)
  2 giant newts
  A quokka zombie (D:9)
  A rat (D:3)
  2 fungi
  12 plants
794 creatures vanquished.

Vanquished Creatures (collateral kills)
  2 deep elf blademasters (Elf:3)
  2 deep elf master archers (Elf:3)
  A large abomination (Elf:3)
  A deep elf elementalist (Elf:3)
  2 deep elf demonologists (Elf:3)
  2 deep elf annihilators (Elf:3)
  5 deep elf death magi (Elf:3)
  2 small abominations (Elf:3)
  2 deep elf magi (Elf:3)
19 creatures vanquished.

Vanquished Creatures (others)
  2 fungi
  4 plants (Lair:8)
6 creatures vanquished.

Grand Total: 819 creatures vanquished

Notes
Turn   | Place    | Note
--------------------------------------------------------------
     0 | D:1      | 4thArraOfDagon the Hill Orc Berserker began the quest for the Orb.
     0 | D:1      | Reached XP level 1. HP: 19/19 MP: 1/1
    31 | D:3      | Found a deep blue altar of Sif Muna.
    38 | D:3      | Noticed an orc wizard
    38 | D:3      | Noticed an orc wizard
    70 | D:3      | Noticed Natasha
    81 | D:3      | Killed Natasha
    81 | D:3      | Reached XP level 2. HP: 22/27 MP: 2/2
    81 | D:3      | Reached XP level 3. HP: 26/33 MP: 3/3
   278 | D:5      | Entered Level 5 of the Dungeon
   329 | D:4      | Reached skill level 5 in Axes
   329 | D:4      | Reached XP level 4. HP: 40/40 MP: 4/4
   455 | D:5      | Got a steaming robe
   471 | D:6      | Noticed a black bear
   481 | D:6      | Killed a black bear
   481 | D:6      | Reached skill level 6 in Axes
   481 | D:6      | Reached XP level 5. HP: 47/47 MP: 5/5
   553 | D:6      | Noticed an ice beast
   579 | D:6      | Killed an ice beast
   579 | D:6      | Reached skill level 5 in Fighting
   579 | D:6      | Reached XP level 6. HP: 56/56 MP: 6/6
   651 | D:6      | Reached ** piety under Trog
   670 | D:6      | Reached skill level 7 in Axes
   848 | D:8      | Reached XP level 7. HP: 61/61 MP: 7/7
   904 | D:8      | Noticed a steam dragon
   914 | D:8      | Killed a steam dragon
   914 | D:8      | Reached skill level 8 in Axes
  1039 | D:8      | Reached skill level 5 in Armour
  1118 | D:8      | Noticed a two-headed ogre
  1124 | D:8      | Killed a two-headed ogre
  1124 | D:8      | Reached skill level 9 in Axes
  1124 | D:8      | Reached XP level 8. HP: 71/71 MP: 8/8
  1333 | D:9      | Reached skill level 10 in Axes
  1368 | D:8      | Found a bloodstained altar of Trog.
  1368 | D:8      | Found a sparkling altar of Nemelex Xobeh.
  1498 | D:9      | Reached XP level 9. HP: 28/80 MP: 9/9
  1514 | D:9      | Found Codanes's Magic Scroll Emporium.
  1546 | D:9      | Bought a scroll of magic mapping for 56 gold pieces
  1546 | D:9      | Bought a scroll of remove curse for 48 gold pieces
  1546 | D:9      | Bought a scroll of identify for 32 gold pieces
  1546 | D:9      | Bought a scroll of random uselessness for 16 gold pieces
  1590 | D:9      | Reached skill level 11 in Axes
  1658 | D:10     | Entered Level 10 of the Dungeon
  1838 | D:11     | Found Cugaumil's Antique Armour Boutique.
  1841 | D:11     | Noticed a cyclops
  1856 | D:11     | Killed a cyclops
  1865 | D:11     | Noticed a two-headed ogre
  1902 | D:11     | Killed a two-headed ogre
  1902 | D:11     | Reached skill level 12 in Axes
  1921 | D:11     | Noticed a hill giant
  1935 | D:11     | Killed a hill giant
  1938 | D:11     | Reached XP level 10. HP: 52/91 MP: 10/10
  2028 | D:11     | Found Dohufosi's Assorted Antiques.
  2034 | D:11     | Bought a bound silver amulet for 155 gold pieces
  2034 | D:11     | Bought a blue potion for 27 gold pieces
  2034 | D:11     | Identified the amulet of Xoecri {+Rage rF+ rC- Dex+3} (You bought it in a shop on level 11 of the Dungeon)
  2075 | D:11     | Found Lumah's Food Shoppe.
  2080 | D:11     | Found Yjoqoyva's Armour Boutique.
  2132 | D:11     | Reached skill level 13 in Axes
  2283 | D:10     | Found a staircase to the Lair.
  2339 | D:10     | Found Mekh's Antique Armour Shop.
  2361 | D:10     | Bought a pair of runed boots for 99 gold pieces
  2566 | D:12     | Found a blossoming altar of Fedhas.
  2570 | D:12     | Reached skill level 10 in Fighting
  2740 | D:13     | Reached skill level 14 in Axes
  2823 | D:13     | Noticed a cyclops
  2852 | D:13     | Killed a cyclops
  2911 | D:13     | Found a labyrinth entrance.
  2930 | Lab      | Entered a labyrinth
  3461 | Lab      | Noticed a minotaur
  3468 | Lab      | Killed a minotaur
  3468 | Lab      | Reached XP level 11. HP: 101/101 MP: 11/11
  3470 | Lab      | Identified the Collected Works on Dark Arts and Hexes (You found it in a labyrinth)
  3514 | D:13     | Reached skill level 15 in Axes
  3819 | D:13     | Noticed a wizard
  3830 | D:13     | Reached *** piety under Trog
  3831 | D:13     | Killed a wizard
  3831 | D:13     | Reached skill level 10 in Armour
  3876 | D:13     | Noticed a wizard
  3876 | D:13     | Noticed a necromancer
  3881 | D:13     | Reached skill level 16 in Axes
  3884 | D:13     | Killed a necromancer
  3886 | D:13     | Killed a wizard
  3930 | D:13     | Found a gate to the Vaults.
  3930 | D:13     | Noticed a vault guard
  3930 | D:13     | Noticed a necromancer
  3930 | D:13     | Noticed a vault guard
  3930 | D:13     | Noticed a vault guard
  3961 | D:13     | Killed a vault guard
  3970 | D:13     | Killed a vault guard
  3970 | D:13     | Reached XP level 12. HP: 101/112 MP: 12/12
  3976 | D:13     | Killed a vault guard
  3983 | D:13     | Reached skill level 17 in Axes
  4023 | D:13     | Got a steaming chain mail
  4034 | D:13     | Identified the cursed +0 chain mail "Alleistro" {MP+9} (You found it on level 13 of the Dungeon)
  4087 | D:13     | Noticed a centaur warrior
  4097 | D:13     | Killed a centaur warrior
  4125 | D:13     | !!!!!
  4313 | D:14     | Noticed a five-headed hydra
  4372 | D:15     | Entered Level 15 of the Dungeon
  4372 | D:15     | Noticed a centaur warrior
  4472 | D:14     | Reached **** piety under Trog
  4678 | D:11     | Found Xioj's Antique Armour Shop.
  4750 | D:11     | Bought a sparkling brass amulet for 155 gold pieces
  4751 | D:11     | Identified the amulet of the Frog {Dismiss rN+ Dex+6} (You bought it in a shop on level 11 of the Dungeon)
  4847 | D:11     | Found a shattered altar of Ashenzari.
  4938 | D:9      | Found Ehuhaly's Distillery.
  5425 | D:11     | Found a staircase to the Orcish Mines.
  5558 | D:11     | Reached skill level 18 in Axes
  5604 | Orc:1    | Entered Level 1 of the Orcish Mines
  6003 | Orc:2    | Entered Level 2 of the Orcish Mines
  6283 | Orc:2    | Found Oceczeph's Food Shoppe.
  6317 | Orc:2    | Reached XP level 13. HP: 114/122 MP: 13/13
  6331 | Orc:2    | Found a staircase to the Elven Halls.
  6382 | Orc:2    | Reached ***** piety under Trog
  6528 | Orc:2    | Found Bevakum's Magic Scroll Boutique.
  6541 | Orc:2    | Found Uvoc's Distillery.
  6856 | Orc:2    | Reached skill level 19 in Axes
  7174 | Orc:2    | timbw: pan!
  7182 | Orc:2    | timbw: orc!
  7238 | Orc:2    | Found Omneurr's Antique Armour Emporium.
  7238 | Orc:2    | Found a one-way gate leading to the halls of Pandemonium.
  7238 | Orc:2    | Found Yxzepteck's Gadget Shoppe.
  7243 | Orc:2    | Bought a twisted plate armour for 924 gold pieces
  7253 | Orc:2    | Identified the +9 plate armour of Yssur {Int+3} (You bought it in a shop on level 2 of the Orcish Mines)
  7253 | Orc:2    | timbw: man how tempting is it
  7256 | Orc:2    | timbw: to splat these chars in pan
  7272 | Orc:2    | timbw: same with the hell portal in lair
  7357 | D:11     | timbw: many of my tso chars die like that
  7433 | Lair:1   | Entered Level 1 of the Lair of Beasts
  7456 | Lair:1   | 4thArraOfDagon: hiii
  7456 | Lair:1   | 4thArraOfDagon: you went to pan after orcs? rofl
  7494 | Lair:1   | timbw: hey thats what those portals are for :d
  7539 | Lair:1   | 4thArraOfDagon: yea :D
  7539 | Lair:1   | 4thArraOfDagon: well dream setup would be pan in orcs and hell in lair :D
  7569 | Lair:1   | Reached skill level 20 in Axes
  7574 | Lair:1   | Received a gift from Trog
  7587 | Lair:1   | Reached XP level 14. HP: 103/132 MP: 14/14
  7953 | Lair:5   | Reached ****** piety under Trog
  7953 | Lair:5   | Received a gift from Trog
  8059 | Lair:5   | Gained mutation: You have an increased reservoir of magic (+10% MP). [potion of beneficial mutation]
  8330 | Lair:6   | Found a staircase to the Swamp.
  8542 | Lair:5   | Got a scorched leather armour
  8669 | Lair:5   | Reached skill level 21 in Axes
  8762 | Lair:7   | Received a gift from Trog
  8998 | Lair:6   | Reached skill level 15 in Fighting
  9079 | Lair:7   | Received a gift from Trog
  9112 | Lair:8   | Entered Level 8 of the Lair of Beasts
  9264 | Lair:8   | Reached XP level 15. HP: 133/141 MP: 5/16
  9545 | Lair:8   | Received a gift from Trog
  9624 | Lair:8   | Reached skill level 22 in Axes
 10316 | Lair:4   | Identified the +4 leather armour "Ulugox" {rPois rC+ MR- SInv} (You found it on level 5 of the Lair of Beasts)
 10316 | Lair:4   | hmmm
 10327 | Lair:4   | Got a dazzling whip
 10328 | Lair:4   | Identified the cursed +1 whip "Eghey" {freeze, rElec} (You found it on level 4 of the Lair of Beasts)
 10533 | Lair:3   | Found a staircase to the Snake Pit.
 10611 | Lair:3   | 4thArraOfDagon: swamp in leather armor
 10611 | Lair:3   | 4thArraOfDagon: or elves
 10611 | Lair:3   | 4thArraOfDagon: what is easier
 10611 | Lair:3   | timbw: elf if u got disint
 10611 | Lair:3   | timbw: dig good enough
 10611 | Lair:3   | 4thArraOfDagon: yeah got it
 10618 | Lair:3   | 4thArraOfDagon: ok lets do it
 10623 | Lair:2   | timbw: anti magic and mr, what can go wrong
 10685 | Lair:2   | Noticed Urug
 10702 | Lair:2   | Killed Urug
 10733 | Lair:2   | Received a gift from Trog
 10982 | Elf:1    | Entered Level 1 of the Elven Halls
 11138 | Elf:1    | Reached skill level 15 in Armour
 11182 | Elf:1    | Reached skill level 23 in Axes
 11232 | Elf:1    | Reached XP level 16. HP: 144/152 MP: 5/17
 11407 | Elf:1    | Received a gift from Trog
 11421 | Elf:1    | Found Folamp's Weapon Boutique.
 11709 | Elf:2    | Received a gift from Trog
 11728 | Elf:2    | jacquesderrida: deng
 11798 | Elf:3    | Entered Level 3 of the Elven Halls
 11834 | Elf:3    | Reached skill level 24 in Axes
 12164 | Elf:2    | Found Quefacusm's Assorted Antiques.
 12473 | Elf:3    | Noticed a deep elf blademaster
 12486 | Elf:3    | Killed a deep elf blademaster
 12486 | Elf:3    | Reached XP level 17. HP: 143/162 MP: 6/18
 12493 | Elf:3    | Noticed a deep elf master archer
 12506 | Elf:3    | Noticed a deep elf blademaster
 12509 | Elf:3    | Killed a deep elf blademaster
 12532 | Elf:3    | Noticed a deep elf master archer
 12536 | Elf:3    | Killed a deep elf master archer
 12539 | Elf:3    | Killed a deep elf master archer
 12546 | Elf:3    | Received a gift from Trog
 12617 | Elf:3    | Got a steaming lapis lazuli ring
 12619 | Elf:3    | Identified the ring "Narobref" {+Fly Int+5} (You took it off a deep elf mage on level 3 of the Elven Halls)
 12646 | Elf:3    | Cast into level 2 of the Abyss (a deep elf demonologist)
 12730 | Abyss:3  | Found a corrupted altar of Lugonu.
 12782 | Abyss:3  | Reached skill level 25 in Axes
 12851 | Abyss:3  | Noticed a hellephant
 12969 | Abyss:3  | Paralysed by accursed screaming for 1 turns
 13012 | Abyss:3  | Noticed a hellephant
 13012 | Abyss:3  | Gained mutation: Your body sometimes deteriorates upon taking damage. [a neqoxec]
 13028 | Abyss:3  | Noticed a hellephant
 13035 | Abyss:3  | Got an abyssal rune of Zot
 13041 | Abyss:3  | test of stamina
 13102 | Elf:3    | Escaped the Abyss
 13303 | Elf:3    | Noticed a Tzitzimitl
 13338 | Elf:3    | Identified the Grimoire of Toxic Transformation (You found it on level 3 of the Elven Halls)
 13385 | Elf:3    | jacquesderrida: deng
 13385 | Elf:3    | Got an ichor-stained chain mail
 13396 | Elf:3    | Identified the cursed +0 chain mail of Patterns {rN++} (You found it on level 3 of the Elven Halls)
 13419 | Elf:3    | jacquesderrida: demng
 13475 | Elf:3    | Identified the Volume of the Snowflakes (You found it on level 3 of the Elven Halls)
 13482 | Elf:3    | Gained mutation: You are partially covered in rough black scales (AC +4, Dex -1). [potion of mutation]
 13482 | Elf:3    | Gained mutation: Your natural rate of healing is unusually fast. [potion of mutation]
 13482 | Elf:3    | Gained mutation: You are somewhat resistant to further mutation. [potion of mutation]
 13546 | Elf:1    | jacquesderrida: daaaang
 13546 | Elf:1    | jacquesderrida: telefragged
 13705 | D:11     | Bought a +1 pair of boots of running for 657 gold pieces
 13742 | D:11     | Bought a shiny helmet for 130 gold pieces
 13742 | D:11     | Bought a crude plate armour for 812 gold pieces
 13764 | D:11     | Identified the +4 plate armour of a wizard's laboratory {Int+2} (You bought it in a shop on level 11 of the Dungeon)
 13775 | D:11     | 4thArraOfDagon: bad itams :(
 13775 | D:11     | 4thArraOfDagon: have to start with slime
 13830 | Lair:2   | Noticed Fannar
 13856 | Lair:2   | Killed Fannar
 13990 | Lair:4   | Reached skill level 1 in Evocations
 14079 | Lair:6   | Found a staircase to the Slime Pits.
 14095 | Lair:6   | :FUN
 14098 | Slime:1  | Entered Level 1 of the Pits of Slime
 14114 | Slime:2  | Noticed an acid blob
 14120 | Slime:2  | Killed an acid blob
 14126 | Slime:2  | Noticed an acid blob
 14142 | Slime:2  | Killed an acid blob
 14165 | Slime:3  | Noticed an acid blob
 14165 | Slime:3  | Noticed an acid blob
 14171 | Slime:3  | Killed an acid blob
 14173 | Slime:3  | Noticed an acid blob
 14187 | Slime:3  | 4thArraOfDagon: thats how you end with bad itams :(
 14188 | Slime:3  | Mangled by an acid blob

Vault maps used:
D:1:      dpeg_arrival_line_fractal, serial_co_window_serial,
          co_window_corner_a, co_window_corner_a, co_window_corner_a,
          co_window_paths_b, co_window_of_opportunity_a, co_window_paths_a,
          co_window_paths_a, co_window_broadway_c, co_window_broadway_c,
          co_window_corner_b, co_window_paths_c, co_window_unsneaky_path_e,
          co_window_unsneaky_path_d, co_window_unsneaky_path_e, glass_columns_a,
          glass_columns_a, glass_columns_b
D:2:      uniq_crazy_yiuf_cottage, uniq_jessica, uniq_terence, uniq_sigmund
D:3:      minmay_misc_feat_rows, wad_floor_pattern_2, led_sif_book, uniq_natasha
D:4:      first_bread, serial_shops, kennysheep_mini_moat
D:5:      uniq_grinder
D:6:      temple_hall
D:7:      serial_shops, shop, basic_altar, uniq_prince_ribbit1
D:8:      nicolae_overflow_hidden_temple
D:9:      serial_shops, nicolae_shop_trees, shop, the_bakery,
          grunt_decor_one_mirror, st_stairs_10
D:10:     lair_0_dummy, serial_shops, nicolae_shop_trees, lightli_orcish_oven
D:11:     erik_orc_1, serial_shops, shop, shop, shop_coins,
          nicolae_shop_behind_doors, shop, basic_altar, nicolae_zen_rock_garden
D:12:     fedhas_altar_fruit_tree
D:13:     grunt_vaults_entry_tiered, lab_entry_generic, hangedman_weighted_door,
          corexii_leaking_fountain, minmay_holes
D:14:     kennysheep_generic_room_6
D:15:     grunt_enter_depths_hoard, serial_park_square2, serial_shops, shop,
          basic_altar, uniq_kirke
Lair:1:   grunt_megastairs_2
Lair:2:   uniq_urug, uniq_fannar
Lair:3:   minmay_snake_entry_spellcaster
Lair:4:   minmay_stone_trees_small, minivault_23, columned_hall_lemuel,
          worms_lemuel
Lair:5:   statuecave_lemuel, kennysheep_catoblepas_arena
Lair:6:   lemuel_ratsnest, minmay_swamp_entry_reptiles, slime_dummy,
          grunt_megastairs_5, bh_autumn_forest_stairs, lemuel_fruit_tree,
          serial_bayou_shore_b
Lair:7:   cheibrodos_magma_flow, beast_lair_carwin_5
Lair:8:   due_jungle_book, grunt_forest_large_clearings, serial_bayou_shore_b
Orc:1:    mines2_lemuel
Orc:2:    pf_orc_diabolical, serial_shops, nicolae_shop_stone
Elf:1:    minmay_elf_arrival_plus, serial_shops, nicolae_shop_stone,
          kennysheep_underground_church
Elf:2:    serial_shops, nicolae_shop_window_shopping
Elf:3:    elf_hall, serial_glass, glass_columns_a, glass_columns_a,
          glass_columns_a, glass_columns_a, glass_columns_b, glass_columns_a,
          glass_columns_c, glass_columns_a, glass_columns_b, glass_columns_b,
          minivault_24, minivault_24
Abyss:3:  grunt_abyss_rune_sword_and_sorcery, guppyfry_abyss_exit_glass_guarded
Lab:      nicolae_lab_quarters

Skill      XL: |  1  2  3  4  5  6  7  8  9 10 11 12 13 14 15 16 17 |
---------------+----------------------------------------------------+-----
Fighting       | 4 5 6 7 9 10 11 13 14 15 16 17 18 | 18.3
Axes           | 5 6 7 9 10 12 14 16 18 20 21 23 24 25 | 25.6
Armour         | 3 4 5 6 7 9 10 11 13 14 15 16 | 16.8
Evocations     | 2 |  2.2
Dodging        | |  1.5

Action                   |  1- 3 |  4- 6 |  7- 9 | 10-12 | 13-15 | 16-18 || total
-------------------------+-------+-------+-------+-------+-------+-------++-------
Melee: Hand axe          |    33 |    75 |   182 |    29 |       |       ||   319
       Battleaxe         |       |       |       |   494 |   375 |   446 ||  1315
       War axe           |       |       |       |       |   527 |       ||   527
       Executioner's axe |       |       |       |       |   180 |    72 ||   252
       Broad axe         |       |       |       |       |    82 |   175 ||   257
Invok: Berserk           |     4 |     5 |    12 |    19 |    21 |     6 ||    67
       Trog's Hand       |       |     2 |     6 |    17 |    18 |    24 ||    67
       Burn Spellbooks   |       |       |       |     1 |       |       ||     1
       Brothers in Arms  |       |       |       |       |       |     5 ||     5
 Abil: Evoke Flight      |       |       |       |       |       |     2 ||     2
       Stop Flying       |       |       |       |       |       |     1 ||     1
Evoke: Wand              |       |       |    12 |     7 |     4 |     9 ||    32
  Use: Scroll            |       |     2 |     7 |    16 |    11 |    13 ||    49
       Potion            |       |       |     3 |     2 |     3 |     9 ||    17
 Stab: Paralysed         |       |       |       |     3 |       |       ||     3
       Distracted        |       |       |       |       |     1 |     1 ||     2
  Eat: Chunk             |     1 |     7 |    17 |    41 |    19 |     9 ||    94
       Beef jerky        |       |       |     1 |     1 |     2 |       ||     4
       Fruit             |       |       |       |     2 |    22 |     3 ||    27
       Pizza             |       |       |       |       |     2 |       ||     2
       Meat ration       |       |       |       |       |       |     2 ||     2
